 Dungeon Crawl Stone Soup version 0.29.1-15-g9cfb28693d (webtiles) character file.

Game seed: 11827645753320960809

1876 hawla the Thaumaturge (level 9, -7/100 HPs)
             Began as a Meteoran Ice Elementalist on Mar 3, 2023.
             Was a Follower of Vehumet.
             Mangled by a yak (16 damage)
             ... on level 11 of the Dungeon.
             The game lasted 00:10:31 (1985 turns).

hawla the Thaumaturge (Meteoran Ice Elementalist)   Turns: 1985, Time: 00:10:32

Health: -7/100     AC:  2    Str: 10    XL:     9   Next: 62%
Magic:  4/22       EV: 13    Int: 21    God:    Vehumet [*.....]
Gold:   158        SH:  0    Dex: 15    Spells: 16/24 levels left

rFire   . . .      SeeInvis .   (no weapon)
rCold   . . .      Faith    .   (no shield)
rNeg    + . .      Spirit   .   a - +0 robe
rPois   .          Reflect  .   (no helmet)
rElec   .          Harm     .   (no cloak)
rCorr   +          Rampage  .   (no gloves)
Will    +....                   (no boots)
Stlth   ..........              (no amulet)
HPRegen 0.26/turn               f - ring of resist corrosion
MPRegen 0.18/turn               m - ring of positive energy

@: berserking (expiring), glowing, very quick
A: sense surroundings 2, otherworldly, glowing, explore regen
a: Renounce Religion


You were on level 11 of the Dungeon.
You worshipped Vehumet.
Vehumet was aware of your devotion.
You visited 2 branches of the dungeon, and saw 10 of its levels.

You collected 158 gold pieces.

Inventory:

Armour
 a - a +0 robe (worn)
Jewellery
 f - a ring of resist corrosion (left hand)
 m - a ring of positive energy (right hand)
 n - a +4 ring of evasion
Wands
 k - a wand of charming (10)
 q - a wand of mindburst (6)
Scrolls
 c - 2 scrolls of identify
 p - a scroll of fear
Potions
 h - a potion of might {unknown}
 i - 2 potions of resistance
 j - a potion of curing {unknown}
 l - a potion of haste
 o - a potion of mutation {unknown}


   Skills:
 + Level 1.6 Fighting
 + Level 3.1 Dodging
 - Level 1.4 Stealth
 + Level 8.2 Spellcasting
 + Level 8.1 Conjurations
 + Level 8.1 Ice Magic


You had 16 spell levels left.
You knew the following spells:

 Your Spells              Type           Power      Damage    Failure   Level
a - Freeze                Ice            100%       1d11      1%          1
b - Frozen Ramparts       Ice            84%        1d13      1%          3
c - Hailstorm             Conj/Ice       42%        3d10      2%          4

Your spell library contained the following spells:

 Spells                   Type           Power      Damage    Failure   Level
 Shock                    Conj/Air       100%       1d9       1%          1
 Ozocubu's Armour         Ice            42%        N/A       1%          3
 Summon Small Mammal      Summ           32%        N/A       8%          1
 Call Canine Familiar     Summ           8%         N/A       24%         3
 Summon Guardian Golem    Hex/Summ       8%         N/A       24%         3


Dungeon Overview and Level Annotations

Branches:
Dungeon (8/15) Zot: 3564   Temple (1/1) D:4 Zot: 474
   Lair: D:8-11

Altars:
Ashenzari
Cheibriados
Dithmenos
Gozag
Hepliaklqana
Kikubaaqudgha
Makhleb
Nemelex Xobeh
Qazlal
Sif Muna
Uskayaw
Vehumet
Xom
The Shining One


Innate Abilities, Weirdness & Mutations

You passively map the area around you.
You are easily found by Zot.
You glow in the dark.
You regain HP and MP as you explore.


Message History

There is an open door here.
The yak attacks as you move away! The yak gores you!
Casting: Freeze (safe; 1% risk of failure)
Confirm with . or Enter, or press ? or * to list all spells.
Aiming: Freeze (safe; 1% risk of failure)
Press: ? - help, Shift-Dir - straight line, f - yak
Aim: a yak (severely wounded)
You freeze the yak!
The yak is almost dead.
The yak gores you.
Unknown command.
It was a potion of berserk rage.
A red film seems to cover your vision as you go berserk!
You feel yourself moving faster!
You feel mighty! The yak closely misses you.
You hit the yak.
You kill the yak!
Vehumet accepts your kill.
Your Conjurations skill increases to level 8!
The yak gores you!
* * * LOW HITPOINT WARNING * * *
You see here a yak corpse.
You barely miss the yak.
The yak is lightly wounded.
The yak gores you!
* * * LOW HITPOINT WARNING * * *
You hit the yak.
The yak is moderately wounded.
You punch the yak!
The yak is heavily wounded.
The yak barely misses you.
You hit the yak.
The yak is heavily wounded.
The yak gores you!
* * * LOW HITPOINT WARNING * * *
You hit the yak.
The yak is heavily wounded.
You hit the yak.
The yak is severely wounded.
The yak gores you!
You die...

* * ** * * * * #####+####### **
#.......#...# .#####.#####.###.#
##############
.....'.#.#.....#@###.Y..Y........
######.#.#.###.#Y##..############
#...#.....#Y#..## *
###.#######.'.## #...........###
#############


You could see 2 yaks.

Vanquished Creatures
  3 yaks (D:11)
  4 vampire mosquitoes (D:11)
  A black bear (D:5)
  A centaur (D:7)
  2 bullfrogs (D:6)
  5 scorpions
  A jelly (D:5)
  4 hounds
  3 iguanas
  An orc wizard (D:4)
  3 adders
  A shadow imp (D:7)
  2 white imps (D:5)
  An ufetubus (D:5)
  The ghost of DoomSlayer the Sneak, a weakling MiDe (D:5)
  4 dart slugs
  8 orcs
  3 ball pythons (D:4)
  A bat (D:1)
  An endoplasm (D:4)
  2 giant cockroaches
  A goblin (D:4)
  3 hobgoblins
  4 kobolds (D:4)
  5 quokkas
  A frilled lizard (D:1)
66 creatures vanquished.

Notes
Turn   | Place    | Note
-------+----------+-------------------------------------------
     0 | D:1      | hawla the Meteoran Ice Elementalist began the quest for the
                  | Orb.
     0 | D:1      | Reached XP level 1. HP: 14/14 MP: 5/5
   114 | D:2      | Reached XP level 2. HP: 16/20 MP: 2/6
   133 | D:3      | Reached skill level 5 in Ice Magic
   133 | D:3      | Reached XP level 3. HP: 11/26 MP: 0/8
   195 | D:4      | Reached XP level 4. HP: 29/33 MP: 4/9
   207 | D:4      | Learned a level 3 spell: Frozen Ramparts
   265 | D:4      | Reached XP level 5. HP: 23/38 MP: 1/12
   343 | D:4      | Reached XP level 6. HP: 23/45 MP: 2/13
   737 | D:4      | Reached skill level 5 in Spellcasting
   749 | D:4      | Found a staircase to the Ecumenical Temple.
   758 | Temple   | Entered the Ecumenical Temple
   873 | Temple   | Became a worshipper of Vehumet
   897 | D:5      | Entered Level 5 of the Dungeon
   904 | D:5      | Noticed a black bear
   911 | D:5      | Killed a black bear
   912 | D:5      | Reached XP level 7. HP: 51/51 MP: 10/16
   917 | D:5      | Learned a level 4 spell: Hailstorm
   928 | D:5      | Reached skill level 1 in Conjurations
  1143 | D:5      | Reached XP level 8. HP: 43/58 MP: 8/17
  1348 | D:5      | Reached skill level 5 in Conjurations
  1500 | D:5      | Found a runed translucent door.
  1500 | D:5      | Noticed DoomSlayer's ghost (weakling MiDe)
  1508 | D:5      | Killed DoomSlayer's ghost
  1849 | D:7      | Reached skill level 1 in Fighting
  1882 | D:8      | HP: 2/58 [wight/+0 mace (8)]
  1888 | D:8      | You fall into a shaft and drop 3 floors!
  1933 | D:11     | Noticed a vampire mosquito
  1937 | D:11     | Noticed a vampire mosquito
  1937 | D:11     | Noticed a vampire mosquito
  1939 | D:11     | Killed a vampire mosquito
  1943 | D:11     | Noticed a yak
  1944 | D:11     | Killed a vampire mosquito
  1945 | D:11     | Gained mutation: You passively map the area around you.
                  | [Meteoran growth]
  1945 | D:11     | Reached XP level 9. HP: 19/64 MP: 1/19
  1952 | D:11     | Reached * piety under Vehumet
  1952 | D:11     | Offered knowledge of Shock by Vehumet.
  1985 | D:11     | Mangled by a yak

Illustrated notes

Levels and vault maps discovered:
D:1:      onia_arrival_mini_maze_b, layout_basic, nrook_uturn, minmay_unequal
D:2:      layout_rooms, basic_altar, hellmonk_ecumenical_altar_lost_god,
          minmay_cut_off, uniq_natasha, uniq_jessica
D:3:      layout_loops_corners, amcnicky_mini_pool_small
D:4:      layout_basic, minmay_temple_entry_gardened_gates, nzn_random_ring
D:5:      layout_basic, gammafunk_ghost_grave
D:6:      layout_gridville, nicolae_overflow_quartered_altars, serial_shops,
          shop, uniq_menkaure
D:7:      layout_basic, nicolae_overflow_squiral, serial_corexii_hall,
          corexii_hall_statues_s, chequers_hall_statues_wall_a,
          small_statue_intersection
D:8:      layout_layer_cave, mainiacjoe_overflow_surrounded_room,
          fedhas_altar_3, nzn_ghost_randoct, minmay_misc_feat_ornament
D:11:     layout_roguey, special_room [special_room_orc],
          portal_ice_cave_entry_pillars_2
Temple:   nicolae_temple_two_arcs

Skill      XL: |  1  2  3  4  5  6  7  8  9 |
---------------+----------------------------+-----
Spellcasting   | 3 4 5 6 8 |  8.2
Ice Magic      | 5 6 7 8 |  8.1
Dodging        | 3 |  3.1
Conjurations   | 4 7 8 |  8.1
Fighting       | 1 |  1.6
Stealth        | |  1.4

Action                   |  1- 3 |  4- 6 |  7- 9 || total
-------------------------+-------+-------+-------++-------
Melee: Unarmed           |     3 |     6 |    19 ||    28
 Cast: Freeze            |    29 |    25 |    27 ||    81
       Frozen Ramparts   |       |    13 |    16 ||    29
       Hailstorm         |       |       |    24 ||    24
  Use: Potion            |     2 |     1 |     5 ||     8
       Scroll            |       |     2 |     2 ||     4
Armor: Robe              |     5 |     5 |     3 ||    13
Dodge: Dodged            |    30 |    12 |    30 ||    72
